| TOP OF THE 1ST |
|
Ogden Raptors batting - Pitching for Billings Mustangs : RHP Victor Uriegas
|
|
Pitching: RHP Victor Uriegas
|
|
|
Batting: SHB Darius Vinson
|
0-0: Ball 1-0: Ball 2-0: Ball 3-0: Called Strike 3-1: Called Strike 3-2: Base on Balls
|
|
Batting: LHB Santiago Chavira
|
0-0: Ball Darius Vinson is caught stealing 2nd base 2-6 1-0: Ball 2-0: Ground out 4-3 (Groundball, 4M, EV 86.9 MPH)
|
|
Batting: LHB Mike Dickinson
|
0-0: Called Strike 0-1: Swinging Strike 0-2: Ball 1-2: Fly out, F8 (Flyball, 8RS, EV 91.9 MPH)
|
| Top of the 1st over - 0 runs, 0 hits, 0 errors, 0 left on base; Ogden 0 - Billings 0 |
| BOTTOM OF THE 1ST |
|
Billings Mustangs batting - Pitching for Ogden Raptors : RHP Cory Fischer
|
|
Pitching: RHP Cory Fischer
|
|
|
Batting: RHB Cyd Carver
|
0-0: Ball 1-0: Called Strike 1-1: Foul Ball, location: 2F 1-2: Foul Ball, location: 2F 1-2: Ball 2-2: Foul Ball, location: 2F 2-2: Fly out, F8 (Flyball, 89XD, EV 82.5 MPH)
|
|
Batting: RHB David Clough
|
0-0: Ball 1-0: Ball 2-0: Foul Ball, location: 2F 2-1: Foul Ball, location: 2F 2-2: Ball 3-2: Base on Balls
|
|
Batting: LHB David Moore
|
0-0: Ball 1-0: Foul Ball, location: 2F 1-1: Fly out, F7 (Flyball, 78D, EV 96.3 MPH)
|
|
Batting: LHB Matthew Berry
|
0-0: Called Strike 0-1: Ball 1-1: Ball 2-1: Called Strike 2-2: Foul Ball, location: 2F 2-2: Foul Ball, location: 2F 2-2: Ball 3-2: Base on Balls David Clough to second
|
|
Pitching: RHP Victor Delgado
|
|
|
Batting: LHB Jon Goddard
|
0-0: Called Strike 0-1: Ball 1-1: Ground out U3 (Groundball, 34, EV 99.4 MPH)
|
| Bottom of the 1st over - 0 runs, 0 hits, 0 errors, 2 left on base; Ogden 0 - Billings 0 |
| TOP OF THE 2ND |
|
Ogden Raptors batting - Pitching for Billings Mustangs : RHP Victor Uriegas
|
|
Batting: LHB Mitchell Casey
|
0-0: Called Strike 0-1: Ball 1-1: Called Strike 1-2: Ball 2-2: Strikes out swinging
|
|
Batting: LHB Stephen Van Raalte
|
0-0: Ball 1-0: Swinging Strike 1-1: Ball 2-1: Ball 3-1: Foul Ball, location: 2F 3-2: SOLO HOME RUN (Line Drive, 9D, EV 98.1 MPH), Distance : 392 ft
|
|
Batting: RHB Kevin Ezell
|
0-0: Foul Ball, location: 2F 0-1: Called Strike 0-2: Ball 1-2: Strikes out swinging
|
|
Batting: RHB Bob Magana
|
0-0: Ball 1-0: Fly out, F8 (Line Drive, 8LM, EV 106.9 MPH)
|
| Top of the 2nd over - 1 run, 1 hit, 0 errors, 0 left on base; Ogden 1 - Billings 0 |
| BOTTOM OF THE 2ND |
|
Billings Mustangs batting - Pitching for Ogden Raptors : RHP Victor Delgado
|
|
Batting: RHB Hector Maldonado
|
0-0: Swinging Strike 0-1: Swinging Strike 0-2: Ball 1-2: SOLO HOME RUN (Flyball, 78XD, EV 97.5 MPH), Distance : 395 ft
|
|
Batting: RHB Jon Monteith
|
0-0: Ball 1-0: SINGLE (Line Drive, 9S, EV 90.6 MPH)
|
|
Batting: RHB Yutaka Sato
|
0-0: Called Strike 0-1: Ball 1-1: Foul Ball, location: 2F 1-2: Ball Wild Pitch! Jon Monteith to second 2-2: Strikes out swinging
|
|
Batting: RHB Jay Jacobson
|
0-0: Swinging Strike 0-1: Called Strike 0-2: Strikes out swinging
|
|
Batting: RHB Cyd Carver
|
0-0: Ball 1-0: Ball 2-0: Foul Ball, location: 2F 2-1: Ball 3-1: Called Strike 3-2: Base on Balls
|
|
Pitching: RHP Ramon Luna
|
|
|
Batting: RHB David Clough
|
0-0: Ball 1-0: Ball 2-0: Ball 3-0: Called Strike 3-1: Base on Balls Jon Monteith to third Cyd Carver to second
|
|
Batting: LHB David Moore
|
0-0: GRAND SLAM HOME RUN (Flyball, 9LD, EV 95.6 MPH), Distance : 362 ft
|
|
Batting: LHB Matthew Berry
|
0-0: Ball 1-0: SINGLE (Groundball, 6M, EV 82.5 MPH) (infield hit)
|
|
Batting: LHB Jon Goddard
|
0-0: Ball 1-0: Ball 2-0: Ball 3-0: Base on Balls Matthew Berry to second
|
|
Batting: RHB Hector Maldonado
|
0-0: Ground out 3-1 (Groundball, 34, EV 86.9 MPH)
|
| Bottom of the 2nd over - 5 runs, 4 hits, 0 errors, 2 left on base; Ogden 1 - Billings 5 |
| TOP OF THE 3RD |
|
Ogden Raptors batting - Pitching for Billings Mustangs : RHP Victor Uriegas
|
|
Batting: RHB Luis Hinostroza
|
0-0: Called Strike 0-1: Ground out 4-3 (Groundball, 4S, EV 86.3 MPH)
|
|
Batting: SHB Josh Vaill
|
0-0: Ball 1-0: Ball 2-0: Called Strike 2-1: Ground out 1-3 (Groundball, 23, EV 70.0 MPH)
|
|
Batting: SHB Darius Vinson
|
0-0: Ball 1-0: Ball 2-0: Called Strike 2-1: Ball 3-1: Base on Balls
|
|
Batting: LHB Santiago Chavira
|
0-0: Ball 1-0: Ground out U3 (Groundball, 3L, EV 87.5 MPH)
|
| Top of the 3rd over - 0 runs, 0 hits, 0 errors, 1 left on base; Ogden 1 - Billings 5 |
| BOTTOM OF THE 3RD |
|
Billings Mustangs batting - Pitching for Ogden Raptors : RHP Ramon Luna
|
|
Batting: RHB Jon Monteith
|
0-0: Foul Ball, location: 2F 0-1: Ball 1-1: Called Strike 1-2: Foul Ball, location: 2F 1-2: Strikes out swinging
|
|
Pitching: RHP Charles Durand
|
|
|
Batting: RHB Yutaka Sato
|
0-0: Called Strike 0-1: Ball 1-1: Ball 2-1: Ground out 6-3 (Groundball, 6, EV 100.6 MPH)
|
|
Batting: RHB Jay Jacobson
|
0-0: Foul Ball, location: 2F 0-1: Ball 1-1: Ball 2-1: Foul Ball, location: 2F 2-2: Hit by Pitch
|
|
Batting: RHB Cyd Carver
|
0-0: Ball 1-0: Ball Jay Jacobson steals 2nd base 2-0: Called Strike 2-1: Ball 3-1: TRIPLE (Line Drive, 78XD, EV 112.5 MPH) Jay Jacobson scores
|
|
Batting: RHB David Clough
|
0-0: Called Strike 0-1: Swinging Strike 0-2: Ball 1-2: Foul Ball, location: 2F 1-2: Ball 2-2: Ball 3-2: Ground out 5-3 (Groundball, 56, EV 82.5 MPH)
|
| Bottom of the 3rd over - 1 run, 1 hit, 0 errors, 1 left on base; Ogden 1 - Billings 6 |
| TOP OF THE 4TH |
|
Ogden Raptors batting - Pitching for Billings Mustangs : RHP Victor Uriegas
|
|
Batting: LHB Mike Dickinson
|
0-0: Ball 1-0: Called Strike 1-1: Ball 2-1: Ball 3-1: Foul Ball, location: 2F 3-2: Base on Balls
|
|
Batting: LHB Mitchell Casey
|
0-0: Ball 1-0: Ball 2-0: 2-RUN HOME RUN (Flyball, 9D, EV 93.8 MPH), Distance : 373 ft
|
|
Batting: LHB Stephen Van Raalte
|
0-0: Called Strike 0-1: Ball 1-1: Fly out, F8 (Line Drive, 8RD, EV 88.8 MPH)
|
|
Batting: RHB Kevin Ezell
|
0-0: Ball 1-0: Foul Ball, location: 2F 1-1: Ball 2-1: SOLO HOME RUN (Flyball, 78XD, EV 101.9 MPH), Distance : 403 ft
|
|
Batting: RHB Bob Magana
|
0-0: Ball 1-0: Ball 2-0: Ball 3-0: Base on Balls
|
|
Batting: RHB Luis Hinostroza
|
0-0: Ball 1-0: Foul Ball, location: 2F 1-1: Ball 2-1: Fly out, F3 (Popup, 13, EV 81.9 MPH)
|
|
Batting: SHB Josh Vaill
|
0-0: Ball 1-0: Ball 2-0: Called Strike 2-1: Ground out 5-3 (Groundball, 25, EV 88.1 MPH)
|
| Top of the 4th over - 3 runs, 2 hits, 0 errors, 1 left on base; Ogden 4 - Billings 6 |
| BOTTOM OF THE 4TH |
|
Billings Mustangs batting - Pitching for Ogden Raptors : RHP Charles Durand
|
|
Pitching: RHP Nick Vigh
|
|
|
Batting: LHB David Moore
|
0-0: Foul Ball, location: 2F 0-1: Called Strike 0-2: Ball 1-2: Fly out, F7 (Flyball, 7D, EV 103.8 MPH)
|
|
Batting: LHB Matthew Berry
|
0-0: Called Strike 0-1: Foul Ball, location: 2F 0-2: Ball 1-2: Ball 2-2: Foul Ball, location: 2F 2-2: Foul Ball, location: 2F 2-2: Ball 3-2: Ground out 4-3 (Groundball, 4, EV 102.5 MPH)
|
|
Batting: LHB Jon Goddard
|
0-0: Called Strike 0-1: Reached on error, E6 (Groundball, 6, EV 103.1 MPH)
|
|
Batting: RHB Hector Maldonado
|
0-0: Ball 1-0: Ball 2-0: Ball 3-0: Called Strike 3-1: Base on Balls Jon Goddard to second
|
|
Pitching: RHP Ian Wilson
|
|
|
Batting: RHB Jon Monteith
|
0-0: Called Strike 0-1: Foul Ball, location: 2F 0-2: Foul Ball, location: 2F 0-2: Ball 1-2: Ground out U3 (Groundball, 34, EV 82.5 MPH)
|
| Bottom of the 4th over - 0 runs, 0 hits, 1 error, 2 left on base; Ogden 4 - Billings 6 |
| TOP OF THE 5TH |
|
Ogden Raptors batting - Pitching for Billings Mustangs : RHP Victor Uriegas
|
|
Batting: SHB Darius Vinson
|
0-0: Ball 1-0: SINGLE (Line Drive, 6MD, EV 95.6 MPH)
|
|
Batting: LHB Santiago Chavira
|
0-0: Called Strike 0-1: Foul Ball, location: 2F 0-2: Ball 1-2: TRIPLE (Flyball, 9LD, EV 106.9 MPH) Darius Vinson scores
|
|
Pitching: LHP Paul Fuller
|
|
|
Batting: LHB Mike Dickinson
|
0-0: Called Strike 0-1: Ball 1-1: Ball 2-1: Foul Ball, location: 2F 2-2: Foul Ball, location: 2F 2-2: Ball 3-2: 2-RUN HOME RUN (Flyball, 9LD, EV 95.0 MPH), Distance : 378 ft
|
|
Batting: LHB Mitchell Casey
|
0-0: Ball 1-0: Ball 2-0: DOUBLE (Groundball, 3L, EV 95.0 MPH)
|
|
Batting: LHB Stephen Van Raalte
|
0-0: Foul Ball, location: 2F 0-1: Ball 1-1: Ball 2-1: Swinging Strike 2-2: Strikes out swinging
|
|
Batting: RHB Kevin Ezell
|
0-0: Ball Wild Pitch! Mitchell Casey to third 1-0: Called Strike 1-1: DOUBLE (Line Drive, 3D, EV 101.9 MPH) Mitchell Casey scores
|
|
Pitching: RHP Jaime Kijowski
|
|
|
Batting: RHB Bob Magana
|
0-0: Ball Wild Pitch! Kevin Ezell to third 1-0: Called Strike 1-1: Ball 2-1: Foul Ball, location: 2F 2-2: SINGLE (Groundball, 4, EV 98.1 MPH) Kevin Ezell scores
|
|
Batting: RHB Luis Hinostroza
|
0-0: Called Strike 0-1: 2-RUN HOME RUN (Flyball, 9LD, EV 101.3 MPH), Distance : 376 ft
|
|
Batting: SHB Josh Vaill
|
0-0: Called Strike 0-1: Ball 1-1: DOUBLE (Line Drive, 78XD, EV 106.9 MPH)
|
|
Batting: SHB Darius Vinson
|
0-0: Called Strike 0-1: Ground out 4-3 (Groundball, 34, EV 101.3 MPH) Josh Vaill to third
|
|
Batting: LHB Santiago Chavira
|
0-0: Ball 1-0: Ball 2-0: Ball 3-0: Base on Balls
|
|
Batting: LHB Mike Dickinson
|
0-0: Swinging Strike 0-1: Ball 1-1: Ball 2-1: Swinging Strike 2-2: SINGLE (Groundball, 6D, EV 96.3 MPH) Josh Vaill scores Santiago Chavira to second Runner from 2nd tries for 3rd, OUT! 8-5
|
| Top of the 5th over - 8 runs, 9 hits, 0 errors, 1 left on base; Ogden 12 - Billings 6 |
| BOTTOM OF THE 5TH |
|
Billings Mustangs batting - Pitching for Ogden Raptors : RHP Ian Wilson
|
|
Batting: RHB Yutaka Sato
|
0-0: Ball 1-0: Ball 2-0: Ball 3-0: Called Strike 3-1: Base on Balls
|
|
Batting: RHB Jay Jacobson
|
0-0: Foul Ball, location: 2F 0-1: Ball 1-1: Ball 2-1: Ball 3-1: Base on Balls Yutaka Sato to second
|
|
Batting: RHB Cyd Carver
|
0-0: Foul Ball, location: 2F 0-1: Swinging Strike 0-2: Ball 1-2: Foul Ball, location: 2F 1-2: Ball 2-2: Ball 3-2: Fielders Choice at 2nd, 4-6 (Groundball, 4M, EV 78.1 MPH) Yutaka Sato to third
|
|
Pitching: RHP Justin Donovan
|
|
|
Batting: RHB David Clough
|
0-0: Ball Cyd Carver steals 2nd base 1-0: Ball 2-0: Called Strike 2-1: Foul Ball, location: 2F 2-2: Foul Ball, location: 2F 2-2: Ground out 6-3 (Groundball, 6, EV 88.8 MPH) Yutaka Sato scores Cyd Carver to third
|
|
Batting: LHB David Moore
|
0-0: Called Strike 0-1: Foul Ball, location: 2F 0-2: Strikes out swinging
|
| Bottom of the 5th over - 1 run, 0 hits, 0 errors, 1 left on base; Ogden 12 - Billings 7 |
| TOP OF THE 6TH |
|
Ogden Raptors batting - Pitching for Billings Mustangs : RHP Jaime Kijowski
|
|
Pitching: RHP Vladislav Prochazka
|
|
|
Batting: LHB Mitchell Casey
|
0-0: Foul Ball, location: 2F 0-1: Ball 1-1: DOUBLE (Line Drive, 89D, EV 101.9 MPH)
|
|
Batting: LHB Stephen Van Raalte
|
0-0: Ball 1-0: Called Strike 1-1: Ball 2-1: Ball 3-1: Base on Balls
|
|
Batting: RHB Kevin Ezell
|
0-0: SINGLE (Groundball, 34D, EV 100.6 MPH) Mitchell Casey to third Stephen Van Raalte to second
|
|
Batting: RHB Bob Magana
|
0-0: Fly out, F7 (Flyball, 7, EV 80.0 MPH) Runner from 3rd tags up, SCORES, throw by LF
|
|
Batting: RHB Luis Hinostroza
|
0-0: Called Strike 0-1: Ball 1-1: Ball 2-1: Foul Ball, location: 2F 2-2: Ball 3-2: Foul Ball, location: 2F 3-2: Strikes out looking
|
|
Batting: SHB Josh Vaill
|
0-0: Swinging Strike 0-1: SINGLE (Groundball, 4D, EV 98.1 MPH) Stephen Van Raalte to third Kevin Ezell to second
|
|
Pitching: RHP George Sanchez
|
|
|
Batting: SHB Darius Vinson
|
0-0: Ball 1-0: Called Strike 1-1: Ball 2-1: Ball 3-1: Foul Ball, location: 2F 3-2: SINGLE (Line Drive, 4D, EV 100.0 MPH) Stephen Van Raalte scores Kevin Ezell to third Josh Vaill to second Kevin Ezell scores Josh Vaill to third
|
|
Batting: LHB Santiago Chavira
|
0-0: Swinging Strike 0-1: Swinging Strike 0-2: Strikes out swinging
|
| Top of the 6th over - 3 runs, 4 hits, 0 errors, 2 left on base; Ogden 15 - Billings 7 |
| BOTTOM OF THE 6TH |
|
Billings Mustangs batting - Pitching for Ogden Raptors : RHP Justin Donovan
|
|
Batting: LHB Matthew Berry
|
0-0: Ball 1-0: Ball 2-0: Ball 3-0: Base on Balls
|
|
Batting: LHB Jon Goddard
|
0-0: Called Strike 0-1: SINGLE (Groundball, 6D, EV 103.1 MPH) Matthew Berry to second
|
|
Batting: RHB Hector Maldonado
|
0-0: Foul Ball, location: 2F 0-1: SINGLE (Line Drive, 34D, EV 93.8 MPH) Matthew Berry to third Jon Goddard to second
|
|
Batting: RHB Jon Monteith
|
0-0: Called Strike 0-1: DOUBLE (Line Drive, 3D, EV 99.4 MPH) Matthew Berry scores Jon Goddard scores Hector Maldonado to third
|
|
Batting: RHB Yutaka Sato
|
0-0: Called Strike 0-1: Foul Ball, location: 2F 0-2: Ball 1-2: Strikes out swinging
|
|
Batting: RHB Jay Jacobson
|
0-0: Ball 1-0: Called Strike 1-1: Called Strike 1-2: Ball 2-2: Ball 3-2: Base on Balls
|
|
Batting: RHB Cyd Carver
|
0-0: Ball 1-0: Called Strike 1-1: Swinging Strike 1-2: Ball 2-2: SINGLE (Groundball, 6MD, EV 94.4 MPH) Hector Maldonado scores Jon Monteith to third Jay Jacobson to second
|
|
Batting: RHB David Clough
|
0-0: Called Strike 0-1: SINGLE (Groundball, 6MD, EV 104.4 MPH) Jon Monteith scores Jay Jacobson to third Cyd Carver to second
|
|
Batting: LHB David Moore
|
0-0: Called Strike 0-1: GRAND SLAM HOME RUN (Flyball, 9D, EV 101.9 MPH), Distance : 388 ft
|
|
Pitching: RHP Charles Blatchford
|
|
|
Batting: LHB Matthew Berry
|
0-0: Ball 1-0: Ball 2-0: Ball 3-0: Called Strike 3-1: Base on Balls
|
|
Batting: LHB Jon Goddard
|
0-0: Ball 1-0: Called Strike 1-1: Called Strike 1-2: Ball 2-2: Ball 3-2: SINGLE (Line Drive, 9S, EV 97.5 MPH) Matthew Berry to second
|
|
Batting: RHB Hector Maldonado
|
0-0: Called Strike 0-1: Ball 1-1: Swinging Strike Passed Ball! Matthew Berry to third Jon Goddard to second 1-2: Ball Balk! Matthew Berry scores Jon Goddard to third 2-2: Fly out, F7 (Flyball, 78D, EV 85.6 MPH) Runner from 3rd tags up, OUT at HOME! 7-2
|
| Bottom of the 6th over - 9 runs, 7 hits, 0 errors, 0 left on base; Ogden 15 - Billings 16 |
| TOP OF THE 7TH |
|
Ogden Raptors batting - Pitching for Billings Mustangs : RHP George Sanchez
|
|
Batting: LHB Mike Dickinson
|
0-0: Ball 1-0: Ball 2-0: Swinging Strike 2-1: Ball 3-1: Foul Ball, location: 2F 3-2: Strikes out swinging
|
|
Batting: LHB Mitchell Casey
|
0-0: Called Strike 0-1: Called Strike 0-2: Ball 1-2: Ball 2-2: Strikes out swinging
|
|
Batting: LHB Stephen Van Raalte
|
0-0: Ball 1-0: Ball 2-0: Called Strike 2-1: Ball 3-1: Called Strike 3-2: Fly out, F8 (Flyball, 8LM, EV 90.6 MPH)
|
| Top of the 7th over - 0 runs, 0 hits, 0 errors, 0 left on base; Ogden 15 - Billings 16 |
| BOTTOM OF THE 7TH |
|
Billings Mustangs batting - Pitching for Ogden Raptors : RHP Charles Blatchford
|
|
Batting: RHB Jon Monteith
|
0-0: Ball 1-0: Ball 2-0: Ball 3-0: Called Strike 3-1: Base on Balls
|
|
Batting: RHB Yutaka Sato
|
0-0: Ball 1-0: DOUBLE (Flyball, 9LM, EV 105.0 MPH) Jon Monteith to third
|
|
Batting: RHB Jay Jacobson
|
0-0: Called Strike 0-1: Ball 1-1: Ball 2-1: Foul Ball, location: 2F 2-2: Foul Ball, location: 2F 2-2: Foul Ball, location: 2F 2-2: Ball 3-2: Base on Balls
|
|
Batting: RHB Cyd Carver
|
0-0: Swinging Strike 0-1: Ball Wild Pitch! Jon Monteith scores Yutaka Sato to third Jay Jacobson to second 1-1: Foul Ball, location: 2F 1-2: SINGLE (Line Drive, 9S, EV 105.6 MPH) Yutaka Sato scores Jay Jacobson to third
|
|
Batting: RHB David Clough
|
0-0: Ball Cyd Carver steals 2nd base 1-0: Called Strike 1-1: Foul Ball, location: 2F 1-2: Ball 2-2: Ball 3-2: Fly out, F8 (Flyball, 8LD, EV 96.3 MPH) Runner from 3rd tags up, OUT at HOME! 8-2 Cyd Carver to third
|
|
Batting: LHB David Moore
|
0-0: Called Strike 0-1: Called Strike 0-2: Ball 1-2: Ball 2-2: Ball 3-2: Base on Balls
|
|
Batting: LHB Matthew Berry
|
0-0: Ball 1-0: Ball 2-0: Ball 3-0: Base on Balls David Moore to second
|
|
Batting: LHB Jon Goddard
|
0-0: Called Strike 0-1: Called Strike 0-2: SINGLE (Groundball, 3D, EV 96.3 MPH) Cyd Carver scores David Moore to third Matthew Berry to second
|
|
Batting: RHB Hector Maldonado
|
0-0: Foul Ball, location: 2F 0-1: Ball 1-1: Swinging Strike 1-2: SINGLE (Groundball, 6MD, EV 105.6 MPH) David Moore scores Matthew Berry to third Jon Goddard to second Runner from 3rd tries for Home, SAFE, throw by CF to home
|
|
Now in CF: Tore Bosch
|
|
|
Batting: RHB Jon Monteith
|
0-0: Called Strike 0-1: Ball Balk! Jon Goddard to third Hector Maldonado to second 1-1: Ball 2-1: Ball 3-1: Called Strike 3-2: Foul Ball, location: 2F 3-2: Foul Ball, location: 2F 3-2: Base on Balls
|
|
Pitching: RHP Matt Alderson
|
|
|
Batting: RHB Yutaka Sato
|
0-0: Ball 1-0: Called Strike 1-1: Foul Ball, location: 2F 1-2: Foul Ball, location: 2F 1-2: Foul Ball, location: 2F 1-2: Foul Ball, location: 2F 1-2: Foul Ball, location: 2F 1-2: Foul Ball, location: 2F 1-2: Ball 2-2: Ball 3-2: Foul Ball, location: 2F 3-2: DOUBLE (Flyball, 8LXD, EV 106.9 MPH) Jon Goddard scores Hector Maldonado scores Jon Monteith to third
|
|
Batting: RHB Jay Jacobson
|
0-0: Ball Wild Pitch! Jon Monteith scores Yutaka Sato to third 1-0: Called Strike 1-1: Called Strike 1-2: Ground out 5-3 (Groundball, 56, EV 92.5 MPH)
|
| Bottom of the 7th over - 8 runs, 5 hits, 0 errors, 1 left on base; Ogden 15 - Billings 24 |
| TOP OF THE 8TH |
|
Ogden Raptors batting - Pitching for Billings Mustangs : RHP George Sanchez
|
|
Batting: RHB Kevin Ezell
|
0-0: Ball 1-0: Ball 2-0: Foul Ball, location: 2F 2-1: Swinging Strike 2-2: Foul Ball, location: 2F 2-2: Ball 3-2: Base on Balls
|
|
Batting: RHB Bob Magana
|
0-0: Called Strike 0-1: Ball 1-1: Foul Ball, location: 2F 1-2: Ball 2-2: Ball 3-2: Grounds into double play, 6-4-3 (Groundball, 6, EV 87.5 MPH)
|
|
Batting: RHB Luis Hinostroza
|
0-0: Ball 1-0: Called Strike 1-1: Fly out, F9 (Flyball, 9D, EV 90.6 MPH)
|
| Top of the 8th over - 0 runs, 0 hits, 0 errors, 0 left on base; Ogden 15 - Billings 24 |
| BOTTOM OF THE 8TH |
|
Billings Mustangs batting - Pitching for Ogden Raptors : RHP Matt Alderson
|
|
Batting: RHB Cyd Carver
|
0-0: Ball 1-0: Ball 2-0: TRIPLE (Line Drive, 8RXD, EV 109.4 MPH)
|
|
Batting: RHB David Clough
|
0-0: Ball 1-0: Ball 2-0: Called Strike 2-1: Swinging Strike 2-2: Ball 3-2: Foul Ball, location: 2F 3-2: Base on Balls
|
|
Batting: LHB David Moore
|
0-0: Swinging Strike 0-1: Foul Ball, location: 2F 0-2: Ball 1-2: Foul Ball, location: 2F 1-2: Ball 2-2: Foul Ball, location: 2F 2-2: Fly out, F7 (Flyball, 78S, EV 96.9 MPH)
|
|
Batting: LHB Matthew Berry
|
0-0: Called Strike 0-1: Ball 1-1: Ball 2-1: Ball 3-1: Base on Balls David Clough to second
|
|
Batting: LHB Jon Goddard
|
0-0: Fielders Choice at 2nd, 6-4 (Groundball, 6S, EV 90.0 MPH) Cyd Carver scores David Clough to third
|
|
Batting: RHB Hector Maldonado
|
0-0: Foul Ball, location: 2F 0-1: Ball 1-1: Fielders Choice at 2nd, 6-4 (Groundball, 6, EV 103.1 MPH)
|
| Bottom of the 8th over - 1 run, 1 hit, 0 errors, 2 left on base; Ogden 15 - Billings 25 |
| TOP OF THE 9TH |
|
Ogden Raptors batting - Pitching for Billings Mustangs : RHP George Sanchez
|
|
Pitching: RHP Omar Vinson
|
|
|
Batting: SHB Josh Vaill
|
0-0: Called Strike 0-1: Foul Ball, location: 2F 0-2: Strikes out looking
|
|
Batting: LHB Tore Bosch
|
0-0: Called Strike 0-1: Ball 1-1: Ball 2-1: SINGLE (Flyball, 6MD, EV 95.0 MPH)
|
|
Batting: LHB Santiago Chavira
|
0-0: Foul Ball, location: 2F 0-1: Ball 1-1: Ball 2-1: Called Strike 2-2: Ball 3-2: Foul Ball, location: 2F 3-2: Strikes out swinging
|
|
Batting: LHB Mike Dickinson
|
0-0: Foul Ball, location: 2F 0-1: Ground out U3 (Groundball, 3, EV 78.8 MPH)
|
| Top of the 9th over - 0 runs, 1 hit, 0 errors, 1 left on base; Ogden 15 - Billings 25 |
|